 Dungeon Crawl Stone Soup version 0.17.1-1-g73c8601 (webtiles) character file.

44332 Implojin the Grappler (level 13, -2/140 HPs)
             Began as a Troll Fighter on Apr 9, 2016.
             Was a High Priest of Okawaru.
             Killed from afar by a shock serpent (8 damage)
             ... with a bolt of electricity
             ... on level 2 of the Snake Pit.
             The game lasted 00:43:35 (5563 turns).

Implojin the Grappler (Troll Fighter)               Turns: 5563, Time: 00:43:35

Health: -2/140     AC:  8    Str: 27    XL:     13   Next: 95%
Magic:  18/18      EV: 16    Int:  4    God:    Okawaru [*****.]
Gold:   403        SH: 15    Dex: 22    Spells: 0 memorised, 12 levels left

rFire  . . .     SeeInvis .       - Unarmed
rCold  . . .     Clarity  .     g - +0 robe "Cuomam" {Dex+6}
rNeg   . . .     SustAt   .     L - +0 large shield
rPois  +         Gourm    +     b - +1 hat
rElec  .         Spirit   .     o - +1 cloak
rCorr  .         Warding  .     (gloves unavailable)
rMut   .         Stasis   .     (boots unavailable)
MR     .....                    u - amulet of rage
Stlth  ++........               v - ring of poison resistance
                                h - +3 ring of dexterity

@: finesse, very slightly contaminated, hasted, very quick, not resistant to
hostile enchantments, unstealthy
A: unfitting armour, claws 3, fast metabolism 3, gourmand, regeneration 2,
shaggy fur 1, tough skin 2
a: Heroism, Finesse, Renounce Religion, Evoke Berserk Rage


You were on level 2 of the Snake Pit.
You worshipped Okawaru.
Okawaru was extremely pleased with you.
You were very hungry.

You visited 4 branches of the dungeon, and saw 23 of its levels.

You collected 403 gold pieces.

Inventory:

Hand Weapons
 y - a +1 scimitar of flaming
Missiles
 m - 7 poisoned javelins
 p - 8 curare-tipped needles
 q - 5 tomahawks of returning
 E - 7 large rocks (quivered)
 G - a throwing net
Armour
 b - a +1 hat (worn)
 g - the +0 robe "Cuomam" (worn) {Dex+6}
   (You found it on level 6 of the Lair of Beasts)

   It affects your dexterity (+6).
 o - a +1 cloak (worn)
 I - a +2 robe of cold resistance
 L - a +0 large shield (worn)
Magical Staves
 P - an uncursed staff of fire
Jewellery
 e - an uncursed ring of ice
 h - a +3 ring of dexterity (left claw)
 t - a +3 ring of strength
 u - an amulet of rage (around neck)
 v - a ring of poison resistance (right claw)
 B - an uncursed amulet of stasis
 Y - an uncursed ring of protection from magic
Wands
 c - a wand of disintegration (6)
 x - a wand of fire (1)
 A - a wand of slowing (23)
 M - a wand of flame (26)
 Q - a wand of paralysis (18)
 R - a wand of teleportation (2)
Scrolls
 f - a scroll of amnesia {unknown}
 i - 5 scrolls of teleportation
 C - 2 scrolls of enchant weapon
 F - 4 scrolls of remove curse
 J - a scroll of enchant armour
 S - a scroll of identify
Potions
 l - 2 potions of curing
 w - a potion of brilliance
 H - a potion of magic
 K - a potion of cancellation {unknown}
 T - a potion of berserk rage {unknown}
 V - 2 potions of might
 X - a potion of mutation {unknown}
 Z - a potion of experience {unknown}
Books
 s - a book of Battle

   Spells                             Type                      Level
   a - Infusion                       Charms                       1
   b - Shroud of Golubria             Charms/Translocation         2
   c - Song of Slaying                Charms                       2
   d - Spectral Weapon                Hexes/Charms                 3
   e - Regeneration                   Charms/Necromancy            3
 D - a book of Death

   Spells                             Type                      Level
   a - Corpse Rot                     Necromancy                   2
   b - Sublimation of Blood           Necromancy                   2
   c - Agony                          Necromancy                   5
   d - Dispel Undead                  Necromancy                   5
   e - Excruciating Wounds            Charms/Necromancy            5
   f - Bolt of Draining               Conjuration/Necromancy       5
Miscellaneous
 z - a phantom mirror
Comestibles
 a - a royal jelly
 d - 3 bread rations
 j - 7 meat rations
 k - a slice of pizza


   Skills:
 - Level 12.0 Fighting
 * Level 11.8 Dodging
 - Level 2.4 Shields
 - Level 12.0 Unarmed Combat
 - Level 8.0 Invocations


You had 12 spell levels left.
You didn't know any spells.

Dungeon Overview and Level Annotations

Branches:
Dungeon (12/15)            Temple (1/1) D:6            Lair (8/8) D:10
 Shoals (0/4) Lair:5        Snake (2/4) Lair:3        Slime (0/6) Lair:6
    Orc (0/4) D:9

Altars:
Dithmenos
Fedhas
Gozag
Kikubaaqudgha
Makhleb
Nemelex Xobeh
Okawaru
Qazlal
Ru
Xom
Zin
The Shining One
Jiyva

Shops:
D:8 [

Annotations:
Lair:8 exclusion: upstairs, Rupert


Innate Abilities, Weirdness & Mutations

You are too large for most types of armour.
You have claws for hands.
Your metabolism is lightning-fast.
You like to eat raw meat.
You heal very quickly.
You are covered in fur (AC +1).
You have very tough skin (AC +2).


Message History

Drink which item? (? for menu, Esc to quit)
Okay, then.
A naga comes into view. It is wielding a battleaxe.
Items here: (( ) † an arrow; a poisoned arrow; a scimitar; a black mamba corpse Read which item? (? for menu, Esc to quit)
Okay, then.
The naga sharpshooter gestures wildly while chanting.
The naga sharpshooter magically shoots a poisoned arrow.
The poisoned arrow completely misses you.
There is an open door here.
You see here a poisoned arrow.
Read which item? (? for menu, Esc to quit)
Blink to where?
Press: ? - help, Dir - move target cursor Really blink into that teleport trap?
You enter a teleport trap!
The teleport trap disappears.
Your surroundings seem slightly different.
As you read the scroll of blinking, it crumbles to dust.
The naga spits poison at you. You block the splash of poison.
You are feeling very hungry.
You feel like a meek peon again.
A shock serpent comes into view.
The shock serpent moves out of view.
The shock serpent shoots out a bolt of lightning at you!
The bolt of electricity hits you!
* * * LOW HITPOINT WARNING * * *
A naga sharpshooter opens the door.
The naga sharpshooter shoots a poisoned arrow.
The poisoned arrow barely misses you.
A naga comes into view. It is wielding a mace of holy wrath.
The naga shouts!
The naga spits poison at you. You block the splash of poison.
Read which item? (? for menu, Esc to quit)
Okay, then.
The shock serpent shoots out a bolt of lightning at you!
The bolt of electricity hits you!
You die...

####..............
#..............#######
#.............(#..N.NS
#............(†+....(.
#..............+......
##............##......
##...#####...# ......
##..#...#..(# ......
###(.@#...#...# ......
#.....#...##..# ......
#.##..#..†.+..# ......
## #..#..(##N.#
#.#'...(...#
#..+N...#...#
#.S##N..#...#
#...#..N#....#
....#####....#


You could see a naga sharpshooter and a shock serpent.

Vanquished Creatures
  The ghost of jagang the Brawler, a journeyman TrMo of Okawaru (Lair:8)
  A stone giant (D:11)
  The ghost of Implojin the Grappler, a journeyman TrMo (Lair:8)
  Fannar (D:11)
  4 hydras
  A catoblepas (Lair:7)
  Erica (D:10)
  A centaur warrior (D:11)
  An anaconda (Snake:2)
  4 death yaks (Lair:8)
  2 shock serpents (Snake:1)
  2 hill giants (D:11)
  4 lindwurms (Lair:4)
  2 mana vipers
  An ugly thing (D:11)
  7 black mambas
  Maurice (D:11)
  A centaur skeleton (D:11)
  A torpor snail (Lair:8)
  A naga mage (Snake:1)
  7 spiny frogs
  A spriggan druid (Lair:8)
  9 komodo dragons
  2 fire drakes
  5 polar bears (Lair:8)
  3 blink frogs
  A troll (D:10)
  A wraith (D:10)
  Sigmund (D:5)
  A wyvern (D:11)
  7 redbacks (Lair:8)
  12 spriggans (Lair:8)
  2 basilisks (Lair:3)
  21 yaks
  5 hippogriffs
  25 wolves
  The ghost of jangler the Digger, an amateur GrEE (D:4)
  2 nagas
  6 water moccasins
  6 wasps (Lair:8)
  7 orc warriors
  5 porcupines
  A phantom (D:11)
  3 black bears (Lair:8)
  An ice beast (D:9)
  2 ogres
  A sky beast (D:11)
  An eye of draining (D:9)
  7 crocodiles
  A centaur (D:11)
  2 big kobolds
  A gnoll sergeant (D:11)
  10 giant frogs
  2 scorpions
  5 killer bees
  A water moccasin skeleton (D:9)
  A wight (D:11)
  Crazy Yiuf (D:5)
  2 hounds
  3 jellies
  10 orc priests
  14 orc wizards
  5 worker ants
  Jessica (D:2)
  9 iguanas
  A worker ant zombie (D:6)
  49 river rats
  4 gnolls (D:11)
  2 adders
  3 shadow imps
  2 giant geckos
  38 orcs
  A ball python (D:2)
  11 kobolds
  2 quokkas
  A bat (D:3)
  A goblin (D:3)
  2 rats
  A fungus (Lair:8)
  A plant (Lair:8)
  A toadstool (D:1)
372 creatures vanquished.

Vanquished Creatures (others)
  3 fungi
  5 plants
8 creatures vanquished.

Grand Total: 380 creatures vanquished

Notes
Turn   | Place    | Note
--------------------------------------------------------------
     0 | D:1      | Implojin the Troll Fighter began the quest for the Orb.
     0 | D:1      | Reached XP level 1. HP: 22/22 MP: 0/0
    29 | D:2      | Noticed Jessica
    55 | D:2      | Killed Jessica
    55 | D:2      | Reached skill level 3 in Unarmed Combat
    55 | D:2      | Reached XP level 2. HP: 13/29 MP: 1/1
    55 | D:2      | Reached XP level 3. HP: 16/36 MP: 2/2
   181 | D:4      | Reached skill level 4 in Unarmed Combat
   185 | D:4      | Noticed jangler's ghost (amateur GrEE)
   201 | D:4      | Killed jangler's ghost
   201 | D:4      | Reached skill level 5 in Unarmed Combat
   201 | D:4      | Reached XP level 4. HP: 23/44 MP: 3/3
   201 | D:4      | Reached XP level 5. HP: 26/50 MP: 4/4
   220 | D:5      | Entered Level 5 of the Dungeon
   253 | D:4      | Noticed an ogre
   330 | D:5      | Found a sacrificial altar of Ru.
   344 | D:5      | Reached skill level 6 in Unarmed Combat
   362 | D:6      | Noticed an ogre
   362 | D:6      | Noticed an orc warrior
   367 | D:5      | Noticed Sigmund
   383 | D:5      | Killed Sigmund
   383 | D:5      | Reached skill level 7 in Unarmed Combat
   383 | D:5      | Reached XP level 6. HP: 51/59 MP: 5/5
   411 | D:5      | Noticed Crazy Yiuf
   416 | D:5      | Killed Crazy Yiuf
   447 | D:5      | Found an opulent altar of Gozag.
   653 | D:6      | Killed an ogre
   653 | D:6      | Reached skill level 8 in Unarmed Combat
   653 | D:6      | Reached XP level 7. HP: 66/66 MP: 6/6
   678 | D:6      | Found a staircase to the Ecumenical Temple.
   692 | Temple   | Entered the Ecumenical Temple
   733 | Temple   | Became a worshipper of Warmaster Okawaru
   756 | Temple   | Killed an orc warrior
   805 | D:6      | Reached skill level 9 in Unarmed Combat
   851 | D:7      | Identified a scroll of acquirement
   867 | D:7      | Reached * piety under Okawaru
   887 | D:8      | Found a shadowy altar of Dithmenos.
   921 | D:8      | Found Xiumn's Armour Boutique.
   992 | D:8      | You fall through a shaft!
  1018 | D:9      | Reached XP level 8. HP: 60/74 MP: 7/7
  1137 | D:9      | Reached skill level 10 in Unarmed Combat
  1154 | D:10     | Entered Level 10 of the Dungeon
  1216 | D:9      | Reached skill level 11 in Unarmed Combat
  1371 | D:9      | Found a staircase to the Orcish Mines.
  1445 | D:10     | Reached XP level 9. HP: 80/80 MP: 5/8
  1484 | D:9      | Reached ** piety under Okawaru
  1484 | D:9      | Reached skill level 12 in Unarmed Combat
  1531 | D:9      | Noticed Erica
  1546 | D:10     | Killed Erica
  1546 | D:10     | Reached skill level 5 in Fighting
  1692 | D:11     | Reached skill level 6 in Fighting
  1694 | D:11     | Noticed a centaur skeleton
  1712 | D:11     | Killed a centaur skeleton
  1712 | D:11     | Reached *** piety under Okawaru
  1740 | D:11     | Reached XP level 10. HP: 76/100 MP: 6/9
  1741 | D:11     | Reached skill level 7 in Fighting
  1751 | D:11     | Noticed a hill giant
  1759 | D:11     | Killed a hill giant
  1881 | D:11     | Reached skill level 8 in Fighting
  1911 | D:11     | Noticed a cyan ugly thing
  1929 | D:11     | Killed a cyan ugly thing
  2007 | D:11     | Noticed a centaur warrior
  2007 | D:11     | Noticed a hill giant
  2014 | D:11     | Killed a centaur warrior
  2014 | D:11     | Reached **** piety under Okawaru
  2014 | D:11     | Received a gift from Okawaru
  2014 | D:11     | Reached skill level 9 in Fighting
  2018 | D:11     | Killed a hill giant
  2021 | D:11     | Noticed Maurice
  2021 | D:11     | Noticed Fannar
  2022 | D:11     | Noticed a stone giant
  2026 | D:11     | Killed a stone giant
  2026 | D:11     | Reached skill level 10 in Fighting
  2054 | D:11     | Killed Maurice
  2054 | D:11     | Reached ***** piety under Okawaru
  2054 | D:11     | Reached XP level 11. HP: 68/119 MP: 10/10
  2058 | D:11     | Killed Fannar
  2162 | D:10     | Noticed a troll
  2183 | D:10     | Killed a troll
  2314 | D:10     | Found a staircase to the Lair.
  2355 | Lair:1   | Entered Level 1 of the Lair of Beasts
  2419 | Lair:2   | Reached skill level 11 in Fighting
  2619 | Lair:3   | Received a gift from Okawaru
  2674 | Lair:3   | Reached skill level 12 in Fighting
  2679 | Lair:3   | Reached skill level 1 in Invocations
  2765 | Lair:4   | Noticed a lindwurm
  2768 | Lair:4   | Noticed a lindwurm
  2768 | Lair:4   | Noticed a lindwurm
  2768 | Lair:4   | Noticed a lindwurm
  2774 | Lair:4   | Killed a lindwurm
  2774 | Lair:4   | Reached skill level 2 in Invocations
  2780 | Lair:4   | Killed a lindwurm
  2780 | Lair:4   | Reached skill level 3 in Invocations
  2785 | Lair:4   | Killed a lindwurm
  2785 | Lair:4   | Reached skill level 4 in Invocations
  2794 | Lair:4   | Killed a lindwurm
  2885 | Lair:6   | Got a distressingly furry robe
  2920 | Lair:6   | Reached skill level 5 in Invocations
  2926 | Lair:6   | Found a viscous altar of Jiyva.
  2929 | Lair:6   | Found a staircase to the Slime Pits.
  3069 | Lair:8   | Entered Level 8 of the Lair of Beasts
  3080 | Lair:8   | Found a sparkling altar of Nemelex Xobeh.
  3082 | Lair:8   | Noticed Implojin's ghost (journeyman TrMo)
  3111 | Lair:8   | Killed Implojin's ghost
  3111 | Lair:8   | Reached skill level 6 in Invocations
  3111 | Lair:8   | Reached XP level 12. HP: 50/132 MP: 9/15
  3142 | Lair:8   | Noticed a six-headed hydra
  3147 | Lair:8   | Killed a six-headed hydra
  3187 | Lair:8   | Reached skill level 7 in Invocations
  3265 | Lair:8   | Noticed a death yak
  3277 | Lair:8   | Reached skill level 8 in Invocations
  3281 | Lair:8   | Noticed a death yak
  3283 | Lair:8   | Noticed a death yak
  3285 | Lair:8   | Killed a death yak
  3285 | Lair:8   | Reached skill level 3 in Dodging
  3304 | Lair:8   | Killed a death yak
  3304 | Lair:8   | Reached skill level 4 in Dodging
  3312 | Lair:8   | Killed a death yak
  3347 | Lair:8   | Received a gift from Okawaru
  3347 | Lair:8   | Reached skill level 5 in Dodging
  3351 | Lair:8   | Noticed a spriggan rider
  3374 | Lair:8   | Killed a spriggan
  3375 | Lair:8   | Killed a wasp
  3409 | Lair:8   | Noticed a spriggan rider
  3416 | Lair:8   | Killed a wasp
  3418 | Lair:8   | Killed a spriggan
  3418 | Lair:8   | Reached skill level 6 in Dodging
  3455 | Lair:8   | Noticed a death yak
  3465 | Lair:8   | Killed a death yak
  3467 | Lair:8   | Reached skill level 7 in Dodging
  3553 | Lair:8   | Received a gift from Okawaru
  3588 | Lair:8   | Reached XP level 13. HP: 75/140 MP: 12/18
  3596 | Lair:8   | Noticed a spriggan rider
  3607 | Lair:8   | Killed a spriggan rider
  3607 | Lair:8   | Killed a wasp
  3607 | Lair:8   | Reached skill level 8 in Dodging
  3733 | Lair:8   | Noticed Rupert
  3801 | Lair:8   | Noticed jagang's ghost (journeyman TrMo)
  3810 | Lair:8   | Killed jagang's ghost
  3810 | Lair:8   | Reached skill level 9 in Dodging
  3903 | Lair:8   | Noticed a four-headed hydra
  3911 | Lair:8   | Killed a one-headed hydra
  3911 | Lair:8   | Paralysed by Rupert for 6 turns
  3948 | Lair:8   | Noticed a four-headed hydra
  3964 | Lair:8   | Killed a one-headed hydra
  3996 | Lair:8   | Received a gift from Okawaru
  4036 | Lair:7   | Noticed a catoblepas
  4059 | Lair:7   | Killed a catoblepas
  4138 | Lair:5   | Noticed a seven-headed hydra
  4167 | Lair:5   | Killed a one-headed hydra
  4185 | Lair:5   | Reached skill level 10 in Dodging
  4200 | Lair:5   | Noticed a death yak
  4209 | Lair:5   | Noticed a death yak
  4314 | Lair:5   | Found a staircase to the Shoals.
  4966 | Lair:3   | Reached skill level 11 in Dodging
  5240 | Lair:3   | Found a staircase to the Snake Pit.
  5261 | Lair:3   | Identified the cursed +0 robe "Cuomam" {Dex+6} (You found it on level 6 of the Lair of Beasts)
  5290 | Snake:1  | Entered Level 1 of the Snake Pit
  5529 | Snake:2  | Received a gift from Okawaru
  5559 | Snake:2  | HP: 4/140 [shock serpent/bolt of electricity (31)]
  5563 | Snake:2  | Killed from afar by a shock serpent

Action                   |  1- 3 |  4- 6 |  7- 9 | 10-12 | 13-15 || total
-------------------------+-------+-------+-------+-------+-------++-------
Melee: Unarmed           |    44 |    56 |   270 |   490 |   343 ||  1203
       Scimitar          |       |       |       |       |    22 ||    22
Throw: Large rock        |       |       |       |    16 |     6 ||    22
       Throwing net      |       |       |       |     1 |       ||     1
Invok: Heroism           |       |       |     9 |    19 |    17 ||    45
       Finesse           |       |       |       |     6 |     4 ||    10
  Use: Scroll            |       |       |     8 |    11 |     9 ||    28
       Potion            |       |       |     4 |     3 |     3 ||    10
 Stab: Sleeping          |       |       |     1 |       |     4 ||     5
  Eat: Chunk             |     5 |     4 |    10 |    16 |    11 ||    46
       Meat ration       |       |       |       |       |     1 ||     1
       Fruit             |       |       |       |       |     1 ||     1

Table legend:
 A = Turns spent in this place as a percentage of turns spent in the entire game.
 B = Non-inter-level travel turns spent in this place as a percentage of non-inter-level travel turns spent in the entire game.
 C = Inter-level travel turns spent in this place as a percentage of turns spent in this place.
 D = Turns resting spent in this place as a percentage of non-inter-level travel turns spent in this place.
 E = Turns spent auto-exploring this place as a percentage of non-inter-level travel turns spent in this place.
 F = Non-inter-level travel turns spent in this place divided by the number of levels of this place that you've seen.
                   A       B       C       D       E      F
               +-------+-------+-------+-------+-------+----------------------
         Total | 100.0 | 100.0 |   0.0 |   0.0 |   0.0 | 240.9
       Dungeon |  39.9 |  39.9 |   0.0 |   0.0 |   0.0 | 184.4
        Temple |   2.1 |   2.1 |   0.0 |   0.0 |   0.0 | 115.0
          Lair |  52.7 |  52.7 |   0.0 |   0.0 |   0.0 | 365.2
     Snake Pit |   5.2 |   5.2 |   0.0 |   0.0 |   0.0 | 145.0
               +-------+-------+-------+-------+-------+----------------------

Table legend:
 A = Kills in this place as a percentage of kills in entire the game.
 B = Kills by you in this place as a percentage of kills by you in the entire game.
 C = Kills by friends in this place as a percentage of kills by friends in the entire game.
 D = Other kills in this place as a percentage of other kills in the entire game.
 E = Experience gained in this place as a percentage of experience gained in the entire game.
 F = Experience gained in this place divided by the number of levels of this place that you have seen.
                   A       B       C       D       E      F
               +-------+-------+-------+-------+-------+----------------------
         Total | 100.0 | 100.0 |  -nan |  -nan | 100.0 | 2753.6
       Dungeon |  39.6 |  39.6 |  -nan |  -nan |  20.3 | 1070.8
        Temple |   0.5 |   0.5 |  -nan |  -nan |   0.3 | 159.0
          Lair |  56.9 |  56.9 |  -nan |  -nan |  70.5 | 5578.1
     Snake Pit |   3.0 |   3.0 |  -nan |  -nan |   9.0 | 2849.0
               +-------+-------+-------+-------+-------+----------------------
